cohdb
Replays
Latest Replays
All Replays
Popular Replays
Top Player Replays
Match Explorer
How It Works
Community
CoH3 Stats
Reddit
Sign in to upload your games and track your stats! →
Sign in with Steam
Match 43033843
Unlisted
Match 43033843
Overview
Messages
Build Orders
End
Pioneer Squad
Construct Infanterie Kompanie
Grenadier Squad
MG 42 Machine Gun Team
Selects Italian Coastal Battlegroup
Grenadier Squad
Infanterie Officer Quarters
Pioneer Squad
Selects Designate Defensive Line
GrW 34 Mortar Team
Construct Luftwaffe Kompanie
Jäger Squad
Selects Rapid Fortifications
Selects Call the Reserves!
221 Scout Car
Rapid Fortifications
Medical Bunker
Jäger Squad
Selects Coastal Reserves
Selects Artillery Officer
BlindDeafOrphan
XSniper040
bigcheese
Sarmynation
0
0
Comments
sign in to comment!
No comments posted yet!